 Dungeon Crawl Stone Soup version 0.30-a0-1164-ge08a67761e (webtiles) character file.

Game seed: 9286120064615362730

16 voltaire321 the Sneak (level 2, 0/16 HPs)
             Began as a Kobold Enchanter on Apr 29, 2023.
             Slain by a kobold
             ... wielding a +0 short sword
              (2 damage)
             ... on level 1 of the Dungeon.
             The game lasted 00:01:09 (661 turns).

voltaire321 the Sneak (Kobold Enchanter)             Turns: 661, Time: 00:01:10

Health: 0/16       AC:  3    Str:  5    XL:     2   Next: 75%
Magic:  5/5        EV: 15    Int: 16    God:
Gold:   35         SH:  0    Dex: 15    Spells: 3/5 levels left

rFire   . . .        a - +1 dagger
rCold   . . .        (no shield)
rNeg    . . .        b - +0 robe
rPois   .            i - +0 helmet
rElec   .            (no cloak)
rCorr   .            (no gloves)
SInv    .            (no boots)
Will    .....        (no amulet)
Stlth   ++++         (no ring)
HPRegen 0.22/turn    (no ring)
MPRegen 0.09/turn

%: no passive effects
@: no status effects
A: small, no large weapons, nightstalker 3
a: no special abilities


You were on level 1 of the Dungeon.
You visited 1 branch of the dungeon, and saw 1 of its levels.

You collected 35 gold pieces.

Inventory:

Hand Weapons
 a - a +1 dagger (weapon)
Armour
 b - a +0 robe (worn)
 i - a +0 helmet (worn)
Scrolls
 e - 2 scrolls of fog {unknown}
 f - 2 scrolls of identify {unknown}
 g - a scroll of blinking {unknown}
 h - a scroll of teleportation {unknown}
Potions
 c - 2 potions of invisibility
 d - a potion of flight {unknown}
 j - a potion of curing {unknown}
 k - a potion of might {unknown}
 l - a potion of cancellation {unknown}


   Skills:
 + Level 0.5 Fighting
 + Level 1.7 Short Blades
 + Level 2.5 Dodging
 * Level 4.4 Stealth
 + Level 2.3 Spellcasting
 + Level 3.1 Hexes
 + Level 0.2 Ice Magic


You had 3 spell levels left.
You knew the following spells:

 Your Spells              Type           Power      Damage    Failure   Level
a - Ensorcelled Hibernat  Hex/Ice        14%        N/A       16%         2

Your spell library contained the following spells:

 Spells                   Type           Power      Damage    Failure   Level
 Confusing Touch          Hex            11%        N/A       17%         3
 Tukima's Dance           Hex            11%        N/A       17%         3
 Poisonous Vapours        Pois/Air       2%         N/A       30%         2
 Dazzling Flash           Conj/Hex       12%        N/A       32%         3
 Mephitic Cloud           Conj/Pois/Air  1%         N/A       52%         3
 Freezing Cloud           Conj/Ice/Air   1%         6-21      99%         5
 Borgnjor's Revivificati  Necr           0%         N/A       100%        8
 Necromutation            Tmut/Necr      0%         N/A       100%        8
 Death's Door             Necr           0%         N/A       100%        9


Dungeon Overview and Level Annotations

Branches:
Dungeon (1/15)

Altars:


Innate Abilities, Weirdness & Mutations

You are small and have problems with some larger weapons.
You are completely attuned to the shadows.


Message History

The helpless goblin fails to defend itself.
You impale the goblin!!
You kill the goblin!
Found 5 stones.
j - an orange potion You see here a +0 dagger.
Found a short sword.
You now have 35 gold pieces (gained 3).
k - a coppery potion A rat comes into view.
You hit the rat.
The rat is heavily wounded.
The rat barely misses you.
You hit the rat.
You kill the rat!
A quokka comes into view.
Found an amethyst potion.
The helpless quokka fails to defend itself.
You impale the quokka!!
You kill the quokka!
You see here a quokka corpse.
l - an amethyst potion A bat comes into view.
The helpless bat fails to defend itself.
You impale the bat!!
You kill the bat!
A kobold and a gnoll come into view.
Found a stone staircase leading down.
The kobold shouts!
The gnoll shouts!
The kobold barely misses you.
You hit the kobold.
The kobold is moderately wounded.
The kobold hits you with a +0 short sword.
The gnoll barely misses you. The gnoll attacks as you move away!
The gnoll hits you with a +0 flail!
Ouch! That really hurt!
* * * LOW HITPOINT WARNING * * *
The kobold attacks as you move away!
The kobold hits you with a +0 short sword.
You die...

#...#.# #................##.#...
....#.# #.###########.#.###.#.##
##..#.# #.# #.#...#.#...
....#.#..#.###########.##......##
##.##.#..............#. #......##
......#..............# #......#.
##.#..#.........##..## ..........
......#......†..#8..8# ##......#.
......#.........@K.... .........
#####.# .........g>... #......##
......# ..#.####8..8# ........
####### #. ##..## #...... ##.
#..#### #...... #.#..## #.#..#
#.#..#


You could see a gnoll and a kobold.

Vanquished Creatures
  A dart slug (D:1)
  An endoplasm (D:1)
  A hobgoblin (D:1)
  2 quokkas (D:1)
  A ball python (D:1)
  3 bats (D:1)
  3 goblins (D:1)
  A kobold (D:1)
  2 rats (D:1)
15 creatures vanquished.

Notes
Turn   | Place    | Note
-------+----------+-------------------------------------------
     0 | D:1      | voltaire321 the Kobold Enchanter began the quest for the
                  | Orb.
     0 | D:1      | Reached XP level 1. HP: 10/10 MP: 3/3
   374 | D:1      | Reached XP level 2. HP: 11/16 MP: 5/5
   395 | D:1      | Learned a level 2 spell: Ensorcelled Hibernation
   661 | D:1      | Slain by a kobold

Illustrated notes

Levels and vault maps discovered:
D:1:      sevenhm_arrival_forest_fort_large_4, layout_basic,
          minmay_statues_item, st_stairs_6

Action                     || total
---------------------------++-------
  Melee: Dagger            ||    27
   Stab: Sleeping          ||    12
 Armour: Robe              ||     2
  Dodge: Dodged            ||    15

Table legend: (Time is in decaauts)
 A = Elapsed time spent in this place.
 B = Non-inter-level travel time spent in this place.
 C = Inter-level travel time spent in this place.
 D = Time resting spent in this place.
 E = Time spent auto-exploring this place.
 F = Levels seen in this place.
 G = Mean time per level.
                   A        B        C        D        E       F      G
               +--------+--------+--------+--------+--------+-----+--------+
         Total |    659 |    659 |      0 |      0 |    531 |   1 |  659.0 |
       Dungeon |    659 |    659 |      0 |      0 |    531 |   1 |  659.0 |
               +--------+--------+--------+--------+--------+-----+--------+

Top non-repeatable levels by time:
     D:1: 659 daAuts
